 Dungeon Crawl Stone Soup version 0.31.0-12-g77e489cdc1 (webtiles) character file.

Game seed: 2406253328734400038

718 DildoBatman the Magician (level 8, -3/57 (60) HPs)
             Began as a Formicid Conjurer on Mar 7, 2024.
             Killed by divine providence
             ... invoked by an orc priest
              (11 damage)
             ... on level 7 of the Dungeon.
             The game lasted 00:17:22 (6251 turns).

DildoBatman the Magician (Formicid Conjurer)        Turns: 6251, Time: 00:17:23

HP:   -3/57 (60)    AC:  3    Str: 12    XL:     8   Next: 1%
MP:   1/4           EV: 12    Int: 26    God:
Gold: 471           SH:  0    Dex: 12    Spells: 7/16 levels left

rFire   + . .        A - +2 whip of Okawaru's Supremacy {antimagic, rF+}
rCold   . . .        (no shield)
rNeg    . . .        B - +0 robe
rPois   .            (helmet unavailable)
rElec   .            (no cloak)
rCorr   .            h - +0 pair of gloves
SInv    +            (no boots)
Will    .....        (no amulet)
Stlth   ++           y - +6 ring of intelligence
HPRegen 0.29/turn    (no ring)
MPRegen 0.09/turn

%: no passive effects
@: drained
A: permanent stasis, dig shafts and tunnels, antennae 3, four strong arms
a: Dig, Shaft Self


You were on level 7 of the Dungeon.
You visited 2 branches of the dungeon, and saw 9 of its levels.

You collected 471 gold pieces.

Inventory:

Hand Weapons
 a - a +3 dagger
 c - a +0 orcbow
 x - a +1 halberd of venom
 A - the +2 whip of Okawaru's Supremacy (weapon) {antimagic, rF+}
   (You found it on level 5 of the Dungeon)

   rF+:       It protects you from fire.
Missiles
 e - 6 poisoned darts
 m - 6 curare-tipped darts
 w - 7 boomerangs
Armour
 h - a +0 pair of gloves (worn)
 B - a +0 robe (worn)
Magical Staves
 u - a staff of fire
Jewellery
 y - a +6 ring of intelligence (left hand)
Wands
 o - a wand of digging (7)
Scrolls
 f - 2 scrolls of acquirement {unknown}
 i - a scroll of fog {unknown}
 n - a scroll of torment {unknown}
 p - 2 scrolls of amnesia
 r - 3 scrolls of enchant armour
 t - a scroll of fear {unknown}
Potions
 b - a potion of magic
 d - a potion of might {unknown}
 g - a potion of enlightenment {unknown}
 j - 3 potions of cancellation {unknown}
 k - a potion of resistance {unknown}
 l - a potion of haste {unknown}
 q - 2 potions of heal wounds {unknown}
 s - 3 potions of lignification {unknown}
 v - a potion of curing {unknown}
 z - 2 potions of brilliance {unknown}


   Skills:
 + Level 4.2 Fighting
 + Level 4.2 Armour
 - Level 3.0 Dodging
 - Level 4.0 Stealth
 + Level 4.6 Spellcasting
 - Level 4.0 Conjurations


You had 7 spell levels left.
You knew the following spells:

 Your Spells              Type           Power      Damage    Failure   Level
a - Searing Ray           Conj           52%        2d6       2%          2
b - Cigotuvi's Dreadful   Necr/Alch/Air  12%        N/A       12%         2
c - Magic Dart            Conj           100%       1d8       1%          1
d - Dispel Undead         Necr           6%         3d8       63%         4

Your spell library contained the following spells:

 Spells                   Type           Power      Damage    Failure   Level
 Summon Small Mammal      Summ           24%        N/A       9%          1
 Call Canine Familiar     Summ           6%         N/A       24%         3
 Gell's Gravitas          Tloc           6%         N/A       24%         3
 Teleport Other           Tloc           6%         N/A       24%         3
 Brom's Barrelling Bould  Conj/Erth      16%        2d4       34%         4
 Fulminant Prism          Conj/Alch      8%         3d6       34%         4
 Iskenderun's Mystic Bla  Conj/Tloc      16%        2d5       34%         4
 Iskenderun's Battlesphe  Conj           26%        2d8       41%         5
 Animate Dead             Necr           6%         N/A       63%         4
 Martyr's Knell           Necr/Summ      6%         N/A       63%         4
 Summon Blazeheart Golem  Fire/Summ      6%         N/A       63%         4
 Fireball                 Conj/Fire      8%         3d6       69%         5
 Borgnjor's Vile Clutch   Necr/Erth      3%         N/A       92%         5
 Conjure Ball Lightning   Conj/Air       8%         3x3d6     99%         6
 Death Channel            Necr           3%         N/A       100%        6
 Dispersal                Tloc           3%         N/A       100%        6
 Orb of Destruction       Conj           13%        9d7       100%        7


Dungeon Overview and Level Annotations

Branches:
Dungeon (8/15)             Temple (1/1) D:6
   Lair: D:8-11

Altars:
Ashenzari
Dithmenos
Fedhas
Hepliaklqana
Makhleb
Nemelex Xobeh
Okawaru
Ru
Sif Muna
Trog
Uskayaw
Wu Jian
Xom
Yredelemnul
Zin
The Shining One

Annotations:
D:2 1 runed translucent door, exclusions: goblin, 2 sensed monsters (detected) and 1 more exclusion, Natasha
D:3 Ijyb
D:4 exclusion: sleepcap
D:5 exclusions: jackal, phantom, sensed monster (detected) and sleepcap
D:7 Prince Ribbit


Innate Abilities, Weirdness & Mutations

You cannot be hasted, slowed, berserked, paralysed or teleported.
You can dig through walls and to a lower floor.
You have a pair of large antennae on your head. (SInv)
Your four strong arms can wield two-handed weapons with a shield.


Message History

The orc priest hits you with a +4 mace of protection!
Casting: Searing Ray (safe; 2% risk of failure)
Confirm with . or Enter, or press ? or * to list all spells.
You don't have enough magic to cast this spell.
You barely miss the orc priest.
The orc priest is moderately wounded.
The orc priest hits you with a +4 mace of protection.
Casting: Searing Ray (safe; 2% risk of failure)
Confirm with . or Enter, or press ? or * to list all spells.
Aiming: Magic Dart (safe; 1% risk of failure)
Press: ? - help, Shift-Dir - straight line, f/p - orc priest
Aim: an orc priest, wielding a +4 mace of protection (moderately wounded, 100% to hit)
The magic dart hits the orc priest.
The orc priest is moderately wounded.
The orc priest calls down the wrath of Beogh upon you.
Beogh smites you!
You hit the orc priest.
The orc priest is heavily wounded.
The orc priest hits you with a +4 mace of protection.
You closely miss the orc priest.
The orc priest is heavily wounded.
The orc priest mumbles some strange prayers to Beogh against you.
Beogh smites you!
You hit the orc priest but do no damage.
The orc priest is heavily wounded.
The orc priest hits you with a +4 mace of protection.
Your magical contamination has completely faded away.
You hit the orc priest.
The orc priest is severely wounded.
The orc priest invokes the aid of Beogh against you.
Pain shoots through your body!
You barely miss the orc priest.
The orc priest is severely wounded.
The orc priest hits you with a +4 mace of protection.
You hit the orc priest.
The orc priest is almost dead.
The orc priest misses you.
The orc priest calls down the wrath of Beogh upon you.
Beogh smites you!
You die...

### ##@#
#o###########
###..........#
#.+..........#
#.#..........#
#.#...o......####
..........{.......#
..................#
,!o{.........g......#
.


You could see an orc priest.

Vanquished Creatures
  2 centaurs
  A bullfrog (D:6)
  A bombardier beetle (D:4)
  3 hounds
  A jelly (D:6)
  2 orc priests (D:7)
  2 iguanas
  An orc wizard (D:6)
  A gnoll (D:7)
  6 adders
  2 white imps
  2 ufetubi (D:6)
  2 ribbon worms (D:4)
  4 dart slugs
  23 orcs
  7 ball pythons
  5 endoplasms
  2 giant cockroaches (D:1)
  4 hobgoblins
  7 kobolds
  3 quokkas
  5 bats
  2 frilled lizards (D:1)
  13 goblins
  3 rats
104 creatures vanquished.

Notes
Turn   | Place    | Note
-------+----------+-------------------------------------------
     0 | D:1      | DildoBatman the Formicid Conjurer began the quest for the
                  | Orb.
     0 | D:1      | Reached XP level 1. HP: 13/13 MP: 3/3
   243 | D:1      | Reached XP level 2. HP: 19/19 MP: 0/5
   246 | D:1      | Learned a level 2 spell: Searing Ray
   704 | D:1      | Reached XP level 3. HP: 25/25 MP: 2/6
   739 | D:1      | Reached skill level 1 in Armour
  1075 | D:2      | Found a hide-covered altar of Uskayaw.
  1529 | D:2      | Reached skill level 1 in Fighting
  1529 | D:2      | Reached XP level 4. HP: 23/32 MP: 1/8
  1708 | D:2      | Noticed Natasha
  1791 | D:2      | Found a runed translucent door.
  2295 | D:3      | Identified the +1 helmet of Xooree {rN+ Will+ Str+3}
  2309 | D:3      | Found a faded altar of an unknown god.
  2313 | D:3      | Noticed Ijyb
  2543 | D:4      | Reached XP level 5. HP: 37/37 MP: 7/9
  2966 | D:4      | Learned a level 4 spell: Dispel Undead
  3800 | D:5      | Entered Level 5 of the Dungeon
  3845 | D:5      | Reached XP level 6. HP: 37/44 MP: 5/10
  4423 | D:5      | Identified the +2 whip of Okawaru's Supremacy {antimagic,
                  | rF+}
  4532 | D:5      | Found a glowing silver altar of Zin.
  4665 | D:5      | Found a hide-covered altar of Uskayaw.
  4666 | D:5      | Found an iron altar of Okawaru.
  4835 | D:5      | Learned a level 2 spell: Cigotuvi's Dreadful Rot
  4859 | D:6      | Reached XP level 7. HP: 52/52 MP: 8/12
  5097 | D:6      | Found a staircase to the Ecumenical Temple.
  5103 | Temple   | Entered the Ecumenical Temple
  5622 | D:7      | Noticed Prince Ribbit
  6032 | D:8      | Noticed a steam dragon
  6173 | D:7      | Reached XP level 8. HP: 39/57 MP: 3/14
  6251 | D:7      | Killed from afar by an orc priest

Illustrated notes

Levels and vault maps discovered:
D:1:      dpeg_arrival_water_temple_mockup, layout_loops_corners,
          minmay_misc_feat_five, chequers_serial_rivers_micro_c,
          minmay_gold_behind_fungi, kennysheep_decorative_pillar
D:2:      layout_loops_corners, basic_altar, guppyfry_early_orc_mine,
          uniq_natasha, uniq_crazy_yiuf_cottage
D:3:      layout_basic, shapermc_ecumenical_altar_acropolis, uniq_ijyb
D:4:      layout_layer_cave
D:5:      layout_loops_corners, zin_academy,
          chequers_temple_overflow_statue_of_worship, minmay_misc_feat_plants,
          nzn_random_ring
D:6:      layout_basic, minmay_temple_entry_grid
D:7:      layout_basic, uniq_prince_ribbit1, uniq_menkaure
D:8:      minmay_s_stair_smasher, layout_rooms, general_overflow_altar,
          mainiacjoe_overflow_six_doors_small, erik_lair_orcish_takeover,
          nicolae_blasting_shop
Temple:   oiseaux_autumnal_temple

Skill      XL: |  1  2  3  4  5  6  7 |
---------------+----------------------+-----
Dodging        | 2 3 |  3.0
Armour         | 1 2 3 4 |  4.2
Fighting       | 1 2 3 4 |  4.2
Stealth        | 3 4 |  4.0
Conjurations   | 4 |  4.0
Spellcasting   | 3 4 |  4.6

Action                     |  1- 3 |  4- 6 |  7- 9 || total
---------------------------+-------+-------+-------++-------
  Melee: Dagger            |    11 |       |    10 ||    21
         Short sword       |    42 |    50 |       ||    92
         Whip              |       |       |    20 ||    20
         Punch             |       |       |     1 ||     1
   Fire: Orcbow            |       |     8 |    32 ||    40
   Cast: Magic Dart        |    43 |    35 |     3 ||    81
         Searing Ray       |     1 |    16 |    18 ||    35
Ability: Dig               |       |       |     1 ||     1
    Use: Scroll            |       |     5 |     1 ||     6
   Stab: Sleeping          |     4 |     3 |       ||     7
 Armour: Robe              |    28 |    32 |    40 ||   100
  Dodge: Dodged            |    30 |    46 |    30 ||   106
